 Dungeon Sprint DCSS version bcrawl-1.31 (webtiles) character file.

Game seed: 3622436224240981711

680425 Groucho the Timeless (level 8, -4/81 HPs)
             Began as a Naga Fighter on Mar 31, 2021.
             Was a High Priest of Cheibriados.
             Slain by a redback (16 damage)
             ... summoned by a deep elf mage
             ... in the Dungeon (Sprint VII: "The Pits").
             The game lasted 00:02:51 (740 turns).

Groucho the Timeless (Naga Fighter)                  Turns: 740, Time: 00:02:52

Health: -4/81      AC: -3    Str: 31    XL:     8   Next: 3%
Magic:  4/14       EV:  5    Int: 21    God:    Cheibriados [*****.]
Gold:   0          SH: 13    Dex: 27    Spells: 7/7 levels left

rFire    . . .     SeeInvis +   s - +2 hand axe (freeze)
rCold    . . .     Gourm    .   c - +0 medium shield
rNeg     . . .     Faith    .   t - +3 chain mail
rPois    +         Spirit   .   (no helmet)
rElec    .         Reflect  .   (no cloak)
rCorr    .         Harm     .   (no gloves)
MR       +....     NoTele   +   (no barding)
Stlth    ..........             (no amulet)
HPRegen  0.23/turn              (no ring)
MPRegen  0.14/turn              (no ring)

@: corroded, lightly drained, very slow
A: large, see invisible, deformed body, poison resistance, slowness 2, slow
metabolism 1, spit poison 1, AC +2
a: Spit Poison, Bend Time, Temporal Distortion, Slouch, Step From Time, Renounce
Religion


You were in the Dungeon.
You worshipped Cheibriados.
Cheibriados was extremely pleased with you.
You were not hungry.

You visited 1 branch

Inventory:

Hand Weapons
 a - a +0 war axe
 b - a +2 flail of protection
 s - a +2 hand axe of freezing (weapon)
Missiles
 r - 10 stones (quivered)
Armour
 c - a +0 medium shield (worn)
 t - a +3 chain mail (worn)
Scrolls
 k - a scroll of blinking
 n - 2 scrolls of vulnerability
 o - 3 scrolls of remove curse
 p - 5 scrolls of amnesia
 q - a scroll of summoning
Potions
 d - a potion of might
 f - 4 potions of curing
 g - 4 potions of heal wounds
 h - a potion of haste
 i - 4 potions of magic
 j - 3 potions of berserk rage
 m - a potion of invisibility
Comestibles
 e - 9 rations {!d}


   Skills:
 + Level 8.2(7.9) Fighting
 + Level 7.9(7.6) Axes
 + Level 6.9(6.6) Armour
 + Level 6.9(6.6) Shields
 + Level 8.2(7.9) Invocations


You had 7 spell levels left.
You didn't know any spells.
Your spell library was empty.

Dungeon Overview and Level Annotations

Branches:
Dungeon (1/1)

Altars:
Ashenzari
Cheibriados
Dithmenos
Elyvilon
Fedhas
Gozag
Hepliaklqana
Kikubaaqudgha
Lugonu
Makhleb
Nemelex Xobeh
Okawaru
Qazlal
Ru
Sif Muna
Trog
Uskayaw
Vehumet
Wu Jian
Xom
Yredelemnul
Zin
The Shining One
Beogh
Jiyva


Innate Abilities, Weirdness & Mutations

You cannot wear boots.
Your serpentine skin is tough. (AC +2)
You have supernaturally acute eyesight. (SInv)
Armour fits poorly on your strangely shaped body.
Your system is resistant to poisons. (rPois)
You cover ground very slowly.
You have a slow metabolism.
You can spit poison.


Message History

The rust devil corrodes you! The hell rat bites you!
* * * LOW HITPOINT WARNING * * *
The deep elf mage mumbles some strange words.
You block the redback's attack. x2
No path to travel!
You feel much better. You block the rust devil's attack.
The hell rat barely misses you. The redback bites you. The redback bites you!
You block the red devil's attack.
You feel better. The redback bites you! x2
* * * LOW HITPOINT WARNING * * *
The hell rat bites you.
* * * LOW HITPOINT WARNING * * *
The rust devil hits you.
* * * LOW HITPOINT WARNING * * *
The rust devil corrodes you!
The deep elf mage casts a spell.
The deep elf mage blinks!
The redback bites you.
* * * LOW HITPOINT WARNING * * *
The redback bites you!
You die...

#.#####'#####...<...#
#.#..[)))..##.......#
#÷#..[.))..##.......#
#'###########.......#
#.......#..##########
#..###..#.######
#...÷...#.#.4§.#
##.###.##'#..s.#
#.......#.'.4@r+
#..###..#†#es..#
#.......'.#....#
################


You could see a rust devil, a deep elf mage, a red devil, 2 redbacks and a hell
rat.

Vanquished Creatures
  A hungry ghost (D)
  A soldier ant (D)
  An acid dragon (D)
  2 porcupines (D)
  2 phantoms (D)
  A centaur (D)
  An iguana (D)
  A mummy (D)
  2 gnolls (D)
  A river rat (D)
  An ufetubus (D)
  A leopard gecko (D)
  An orc (D)
  2 giant cockroaches (D)
  A goblin (D)
  2 quokkas (D)
  2 frilled lizards (D)
  A rat (D)
24 creatures vanquished.

Notes
Turn   | Place    | Note
-------+----------+-------------------------------------------
     0 | D        | Groucho the Naga Fighter began the quest for the Orb.
     0 | D        | Reached XP level 1. HP: 21/21 MP: 1/1
    40 | D        | Found a bloodstained altar of Trog.
    40 | D        | Found a shimmering blue altar of Sif Muna.
    40 | D        | Found a viscous altar of Jiyva.
    40 | D        | Found a hazy altar of Hepliaklqana.
    40 | D        | Found an opulent altar of Gozag.
    41 | D        | Found a glowing golden altar of the Shining One.
    41 | D        | Found a glowing silver altar of Zin.
    41 | D        | Found a basalt altar of Yredelemnul.
    41 | D        | Found a shimmering altar of Xom.
    41 | D        | Found an ornate altar of the Wu Jian Council.
    41 | D        | Found a sacrificial altar of Ru.
    41 | D        | Found a stormy altar of Qazlal.
    41 | D        | Found an iron altar of Okawaru.
    41 | D        | Found a sparkling altar of Nemelex Xobeh.
    41 | D        | Found a burning altar of Makhleb.
    41 | D        | Found a blossoming altar of Fedhas.
    41 | D        | Found a white marble altar of Elyvilon.
    41 | D        | Found a shadowy altar of Dithmenos.
    41 | D        | Found a snail-covered altar of Cheibriados.
    42 | D        | Found a radiant altar of Vehumet.
    42 | D        | Found a corrupted altar of Lugonu.
    42 | D        | Found a roughly hewn altar of Beogh.
    43 | D        | Found a hide-covered altar of Uskayaw.
    43 | D        | Found an ancient bone altar of Kikubaaqudgha.
    43 | D        | Found a shattered altar of Ashenzari.
    49 | D        | Became a worshipper of Cheibriados the Contemplative
    81 | D        | Reached skill level 1 in Invocations
    81 | D        | Reached XP level 2. HP: 30/30 MP: 1/3
    84 | D        | Reached * piety under Cheibriados
    87 | D        | Noticed a centaur
    93 | D        | Reached ** piety under Cheibriados
    98 | D        | HP: 1/30 [centaur (5)]
   101 | D        | Killed a centaur
   101 | D        | Reached *** piety under Cheibriados
   102 | D        | Reached XP level 3. HP: 6/38 MP: 3/5
   102 | D        | Reached XP level 4. HP: 7/45 MP: 3/6
   431 | D        | Reached **** piety under Cheibriados
   432 | D        | Reached skill level 5 in Fighting
   521 | D        | Noticed a porcupine
   524 | D        | Killed a porcupine
   525 | D        | Reached skill level 5 in Axes
   525 | D        | Reached skill level 5 in Invocations
   525 | D        | Reached XP level 5. HP: 55/55 MP: 6/8
   526 | D        | Noticed a phantom
   530 | D        | Noticed a hungry ghost
   530 | D        | Noticed a porcupine
   531 | D        | Killed a porcupine
   531 | D        | Killed a phantom
   531 | D        | Reached ***** piety under Cheibriados
   532 | D        | Reached skill level 5 in Armour
   532 | D        | Reached skill level 5 in Shields
   532 | D        | Reached XP level 6. HP: 58/63 MP: 2/10
   534 | D        | Killed a hungry ghost
   535 | D        | Reached XP level 7. HP: 67/72 MP: 2/12
   579 | D        | Noticed a soldier ant
   582 | D        | Killed a soldier ant
   731 | D        | Reached ****** piety under Cheibriados
   731 | D        | Noticed a deep elf mage
   732 | D        | Reached XP level 8. HP: 81/81 MP: 7/14
   734 | D        | Noticed a rust devil
   737 | D        | Noticed a redback
   737 | D        | Noticed a redback
   739 | D        | Noticed a red devil
   740 | D        | Slain by a redback

Skill      XL: |  1  2  3  4  5  6  7 |
---------------+----------------------+-----
Armour         | 3 4 5 6 |  6.9
Shields        | 3 4 5 6 |  6.9
Invocations    | 1 3 5 6 7 8 |  8.2
Axes           | 4 5 6 7 |  7.9
Fighting       | 4 5 6 7 8 |  8.2

Action                   |  1- 3 |  4- 6 |  7- 9 || total
-------------------------+-------+-------+-------++-------
Melee: War axe           |    22 |    11 |       ||    33
       Hand axe          |       |     6 |    16 ||    22
Invok: Slouch            |       |     1 |     4 ||     5
  Use: Potion            |     3 |       |     2 ||     5
 Stab: Invisible         |       |     1 |       ||     1
  Eat: Chunk             |       |       |     2 ||     2
Armor: Scale mail        |     6 |     8 |       ||    14
       Chain mail        |       |     2 |     5 ||     7
Dodge: Dodged            |     7 |     3 |     1 ||    11
Block: Medium shield     |    14 |    14 |    12 ||    40
